 Dungeon Crawl Stone Soup version 0.20-a0-492-g6327889 (webtiles) character file.

2182 Amnesiac the Jinx (level 9, -9/57 HPs)
             Began as a Vampire Enchanter on Jan 15, 2017.
             Killed from afar by Erica (16 damage)
             ... with a wand of lightning (?/15)
             ... on level 8 of the Dungeon.
             The game lasted 00:13:00 (5427 turns).

Amnesiac the Jinx (Vampire Enchanter)               Turns: 5427, Time: 00:13:01

Health: -9/57      AC:  3    Str:  7    XL:     9   Next: 11%
Magic:  15/16      EV: 16    Int: 20    God:
Gold:   109        SH:  0    Dex: 17    Spells: 8/17 levels left

rFire    x . .     SeeInvis +   y - +2 dagger (drain)
rCold    + + +     Gourm    .   b - +0 robe
rNeg     + + +     Faith    .   (no shield)
rPois    ∞         Spirit   .   (no helmet)
rElec    .         Reflect  .   p - +0 cloak
rCorr    .         Harm     .   (no gloves)
MR       .....                  (no boots)
Stlth    ++++++....             (no amulet)
Regen    0.0/turn               o - +2 ring of intelligence
                                F - ring of ice

@: bloodless, non-regenerating
A: fangs 3, see invisible, unbreathing
a: Bat Form


You were on level 8 of the Dungeon.
You were bloodless.

You visited 2 branches of the dungeon, and saw 8 of its levels.

You collected 274 gold pieces.
You spent 165 gold pieces at shops.

Inventory:

Hand Weapons
 w - a +1 vampiric short sword
 y - a +2 dagger of draining (weapon)
Missiles
 e - a throwing net (quivered)
Armour
 b - a +0 robe (worn)
 p - a +0 cloak (worn)
Jewellery
 o - a +2 ring of intelligence (right hand)
 F - a ring of ice (left hand)
Wands
 B - a wand of iceblast (7/15)
 E - a wand of random effects (22/48)
Scrolls
 f - 2 scrolls of recharging
 g - a scroll of remove curse
 h - a scroll of fear {unknown}
 j - 4 scrolls of identify
 k - a scroll of noise {unknown}
 m - 3 scrolls of teleportation {unknown}
 t - 2 scrolls of magic mapping {unknown}
 x - a scroll of random uselessness {unknown}
 A - 2 scrolls of amnesia {unknown}
 D - a scroll of brand weapon {unknown}
Potions
 a - a potion of invisibility {unknown}
 d - 27 potions of blood
 i - 4 potions of agility {unknown}
 q - a potion of mutation {unknown}
 r - 2 potions of curing
 s - a potion of lignification {unknown}
 u - a potion of brilliance {unknown}
 v - a potion of magic {unknown}
 z - a potion of ambrosia {unknown}
 C - a potion of heal wounds {unknown}
Books
 c - a book of Maledictions

   Spells                             Type                      Level
   a - Corona                         Hexes                        1
   b - Ensorcelled Hibernation        Hexes/Ice                    2
   c - Confuse                        Hexes                        3
   d - Tukima's Dance                 Hexes                        3
   e - Dazzling Spray                 Conjuration/Hexes            3


   Skills:
 + Level 5.4 Short Blades
 + Level 5.5 Dodging
 + Level 9.0 Stealth
 + Level 4.7 Spellcasting
 * Level 10.8 Hexes


You had 8 spell levels left.
You knew the following spells:

 Your Spells              Type           Power        Failure   Level  Hunger
e - Confuse               Hex            #####...     1%          3    ##.....
f - Corona                Hex            #####..      1%          1    None
w - Tukima's Dance        Hex            #####...     1%          3    ##.....
z - Ensorcelled Hibernat  Hex/Ice        #####.       1%          2    #......


Dungeon Overview and Level Annotations

Branches:
Dungeon (8/15)             Temple (1/1) D:4
   Lair: D:8-11

Altars:
Ashenzari
Cheibriados
Dithmenos
Elyvilon
Fedhas
Hepliaklqana
Kikubaaqudgha
Makhleb
Nemelex Xobeh
Okawaru
Qazlal
Ru
Sif Muna
Trog
Uskayaw
Vehumet
Xom
Yredelemnul
Zin
The Shining One

Shops:
D:4 !   D:7 *

Annotations:
D:7 2 runed doors
D:8 Erica


Innate Abilities, Weirdness & Mutations

You do not heal naturally.
You are immune to poison.
You have razor-sharp teeth.
You have supernaturally acute eyesight. (SInv)
You can survive without breathing.


Message History

Aiming: Confuse
Press: ? - help, Shift-Dir - straight line, f - jackal
Aim: a jackal (chance to defeat MR: 84%)
The jackal appears confused.
The jackal bites the jackal.
The jackal closely misses the jackal.
The jackal barely misses the jackal.
Erica zaps a wand.
The bolt of lightning hits the jackal.
The jackal dies!
The bolt of lightning hits the jackal.
The jackal dies!
The bolt of lightning hits you!
* * * LOW HITPOINT WARNING * * *
A sky beast comes into view.
Found a stone staircase leading up.
A worker ant comes into view.
Erica zaps a wand.
The bolt of lightning misses you.
Found a scroll labeled NUYKHUH BAB.
There is a stone staircase leading up here.
Erica zaps a wand.
The bolt of lightning hits you!
You die...

##. ## .. .#
#.##.# .#
#.#..##
?..##.....#
..........#
.......@.Y##
.####.#....#
#.#....#
#a#....#
#.#..### #.
#.#..# #.#
#....#
#####.##
###@##
(.....# #.#


You could see Erica (invisible) and a sky beast (sleeping).

Vanquished Creatures
  Eustachio (D:5)
  Menkaure (D:4)
  Duvessa (D:4)
  2 ice beasts
  An orc warrior (D:8)
  A phantom (D:5)
  3 ogres (D:7)
  2 centaurs
  3 bullfrogs (D:7)
  Dowan (D:4)
  3 scorpions
  A crimson imp (D:5)
  3 hounds
  A jelly (D:5)
  An orc priest (D:7)
  A bullfrog skeleton (D:4)
  4 orc wizards
  Natasha (thrice) (D:3)
  An iguana (D:7)
  3 worker ants
  8 adders
  A shadow imp (D:5)
  An ooze (D:2)
  An adder skeleton (D:4)
  A worm (D:3)
  4 leopard geckos
  22 orcs
  9 bats
  2 giant cockroaches
  6 goblins
  A hobgoblin (D:2)
  6 jackals
  2 quokkas
  A ball python skeleton (D:4)
  A frilled lizard (D:3)
  A jackal skeleton (D:5)
  A jackal zombie (D:8)
  4 kobolds
  7 rats
116 creatures vanquished.

Vanquished Creatures (collateral kills)
  Crazy Yiuf (D:2)
1 creature vanquished.

Vanquished Creatures (others)
  3 jackals (D:8)
  A fungus (D:8)
4 creatures vanquished.

Grand Total: 121 creatures vanquished

Notes
Turn   | Place    | Note
-------+----------+-------------------------------------------
     0 | D:1      | Amnesiac the Vampire Enchanter began the quest for the Orb.
     0 | D:1      | Reached XP level 1. HP: 13/13 MP: 3/3
   230 | D:2      | Found a basalt altar of Yredelemnul.
   273 | D:3      | Noticed Natasha
   380 | D:3      | Reached XP level 2. HP: 8/19 MP: 3/5
   384 | D:3      | Learned a level 2 spell: Ensorcelled Hibernation
   484 | D:2      | Reached skill level 5 in Hexes
   491 | D:2      | Found an ancient bone altar of Kikubaaqudgha.
   820 | D:2      | Reached XP level 3. HP: 21/24 MP: 1/6
   825 | D:2      | Learned a level 3 spell: Confuse
  1449 | D:4      | Noticed a scorpion
  1453 | D:4      | Killed a scorpion
  1453 | D:4      | Reached skill level 5 in Stealth
  1453 | D:4      | Reached XP level 4. HP: 25/30 MP: 7/7
  1464 | D:4      | Found a staircase to the Ecumenical Temple.
  1477 | D:4      | Noticed Menkaure
  1478 | D:4      | Killed Menkaure
  1478 | D:4      | Reached skill level 6 in Hexes
  1478 | D:4      | Reached XP level 5. HP: 31/35 MP: 7/9
  1485 | Temple   | Entered the Ecumenical Temple
  1570 | D:4      | Found Vaiwkowa's Distillery.
  1718 | D:2      | Found a runed door.
  1838 | D:2      | Learned a level 3 spell: Tukima's Dance
  1903 | D:2      | Found a blossoming altar of Fedhas.
  1943 | D:2      | Found a glowing golden altar of the Shining One.
  2072 | D:2      | Noticed Crazy Yiuf
  2087 | D:2      | Killed Crazy Yiuf
  2310 | D:3      | Killed Natasha
  2310 | D:3      | Reached XP level 6. HP: 23/41 MP: 1/10
  2343 | D:3      | Noticed Natasha
  2349 | D:3      | Killed Natasha
  2349 | D:3      | Reached skill level 7 in Hexes
  2399 | D:3      | Noticed Natasha
  2630 | D:3      | Killed Natasha
  3297 | D:4      | Noticed Duvessa
  3299 | D:4      | Noticed Dowan
  3383 | D:4      | Killed Duvessa
  3433 | D:4      | Killed Dowan
  3433 | D:4      | Reached XP level 7. HP: 17/46 MP: 2/11
  3517 | D:4      | Found a sparkling altar of Nemelex Xobeh.
  3958 | D:5      | Entered Level 5 of the Dungeon
  3969 | D:4      | Reached skill level 8 in Hexes
  4163 | D:5      | Noticed Eustachio
  4196 | D:5      | Killed Eustachio
  4196 | D:5      | Reached XP level 8. HP: 52/52 MP: 7/13
  4329 | D:5      | Reached skill level 9 in Hexes
  4481 | D:5      | You fall through a shaft for 2 floors!
  4500 | D:7      | Found Emyufat's Assorted Antiques.
  4504 | D:7      | Bought a scroll labeled NUYKHUH BAB for 33 gold pieces
  4504 | D:7      | Bought a lead wand for 132 gold pieces
  4572 | D:7      | Reached skill level 5 in Dodging
  4679 | D:7      | Found a runed door.
  4754 | D:7      | Reached skill level 10 in Hexes
  4850 | D:7      | Reached skill level 5 in Short Blades
  5055 | D:7      | Found a glowing silver altar of Zin.
  5204 | D:7      | Reached XP level 9. HP: 38/57 MP: 15/15
  5295 | D:7      | Found a runed door.
  5385 | D:8      | Found a blossoming altar of Fedhas.
  5400 | D:8      | Noticed Erica
  5427 | D:8      | Killed from afar by Erica

Vault maps used:
D:1:      minmay_arrival_cross, minmay_surrounded
D:2:      lemuel_doored_altar, overflow_temple_1_default,
          kiku_gazebo_garden_becter, fedhas_altar_4, uniq_crazy_yiuf_cottage
D:3:      minivault_11, uniq_natasha
D:4:      kennysheep_mini_moat, first_bread, serial_shops, nicolae_shop_stone,
          uniq_menkaure, uniq_duvessa
D:5:      uniq_eustachio
D:7:      lemuel_insect_pit, lemuel_round_altar, serial_shops,
          nicolae_shop_trees
D:8:      marbit_many_paths, grunt_lair_entry_orc_guard_hut, uniq_erica
Temple:   nicolae_temple_great_sept

Skill      XL: |  1  2  3  4  5  6  7  8  9 |
---------------+----------------------------+-----
Hexes          | 5 6 7 8 10 | 10.8
Short Blades   | 2 3 4 5 |  5.4
Stealth        | 5 6 7 8 9 |  9.0
Dodging        | 3 4 5 |  5.5
Spellcasting   | 3 4 |  4.7

Action                   |  1- 3 |  4- 6 |  7- 9 || total
-------------------------+-------+-------+-------++-------
Melee: Dagger            |    40 |    80 |    96 ||   216
       Bite              |     2 |     3 |     3 ||     8
       Short sword       |       |     5 |    12 ||    17
 Cast: Corona            |     3 |       |       ||     3
       Ensorcelled Hiber |    16 |    32 |    43 ||    91
       Tukima's Dance    |       |     1 |     1 ||     2
       Confuse           |       |     4 |     4 ||     8
  Use: Scroll            |       |     3 |       ||     3
 Stab: Sleeping          |    11 |    33 |    43 ||    87
       Confused          |       |     2 |     4 ||     6
Armor: Robe              |    13 |     9 |     8 ||    30
Dodge: Dodged            |    49 |    35 |    60 ||   144
